[ AOE2 MATCH · #477789879 ]
UnrankedHindustanis vs Burmese
[ REPLAY ANALYSIS · EXTRACTED FROM THE RECORDED GAME ]
Feudal
10:11
Castle
—
Imperial
—
| APM avg | 33.2 |
| APM peak | 56 |
| eAPM avg | 10.2 |
| Villagers / military | 20 / 2 |
Focus
⚔️ 18.6% · 🌾 81.4%
Scout Cavalry ×2
Feudal
10:24
Castle
—
Imperial
—
| APM avg | 27.9 |
| APM peak | 44 |
| eAPM avg | 14.0 |
| Villagers / military | 27 / 4 |
Focus
⚔️ 33.3% · 🌾 66.7%
Militia ×4
Feudal
11:41
Castle
—
Imperial
—
| APM avg | 34.3 |
| APM peak | 56 |
| eAPM avg | 11.4 |
| Villagers / military | 34 / 0 |
Focus
⚔️ 12.4% · 🌾 87.6%
Feudal
9:36
Castle
—
Imperial
—
| APM avg | 72.1 |
| APM peak | 84 |
| eAPM avg | 34.5 |
| Villagers / military | 33 / 9 |
Focus
⚔️ 13.1% · 🌾 86.9%
Scout Cavalry ×9
Feudal
11:33
Castle
—
Imperial
—
| APM avg | 32.3 |
| APM peak | 66 |
| eAPM avg | 12.7 |
| Villagers / military | 32 / 0 |
Focus
⚔️ 0.7% · 🌾 99.3%
Feudal
10:56
Castle
—
Imperial
—
| APM avg | 27.1 |
| APM peak | 52 |
| eAPM avg | 16.5 |
| Villagers / military | 29 / 0 |
Focus
⚔️ 26.1% · 🌾 73.9%
Feudal
10:03
Castle
—
Imperial
—
| APM avg | 21.0 |
| APM peak | 37 |
| eAPM avg | 9.4 |
| Villagers / military | 31 / 0 |
Focus
⚔️ 2.1% · 🌾 97.9%
Feudal
10:30
Castle
—
Imperial
—
| APM avg | 59.4 |
| APM peak | 82 |
| eAPM avg | 24.9 |
| Villagers / military | 37 / 0 |
Focus
⚔️ 25.7% · 🌾 74.3%
Match map
Initial resources + every placement click. Lines = walls · curves = elevation contours. ◆ gold · ⬟ stone · ● berries · ✦ relic · ◌ wall gap
Your base· Open — unwalled flank
Chase_The_Dragon's base· Open — unwalled flank
Wololo's base· Open — unwalled flank
frivolous spender's base· Open — unwalled flank
DonGet's base· Open — unwalled flank
Brooks's base· Open — unwalled flank
GeKKeGerdaa's base· Open — unwalled flank
Goen's base· Open — unwalled flank
Smoothed initial terrain · ◌ = detected wall gap · hover for details
Inputs per minute
— Rabe3000 - - Chase_The_Dragon
Build order — Rabe3000
40 actions detected in the replay
| 0:03 | Create | Villager (Male) |
| 0:03 | Create | Villager (Male) |
| 0:04 | Build | House |
| 0:05 | Build | House |
| 0:16 | Create | Villager (Male) |
| 0:31 | Create | Villager (Male) |
| 1:16 | Create | Villager (Male) |
| 1:34 | Create | Villager (Male) |
| 2:00 | Build | Lumber Camp |
| 3:05 | Create | Villager (Male) |
| 3:13 | Create | Villager (Male) |
| 3:32 | Create | Villager (Male) |
| 3:59 | Build | House |
| 4:12 | Create | Villager (Male) |
| 4:30 | Create | Villager (Male) |
| 4:49 | Create | Villager (Male) |
| 5:09 | Create | Villager (Male) |
| 5:42 | Create | Villager (Male) |
| 5:54 | Create | Villager (Male) |
| 6:44 | Create | Villager (Male) |
| 6:55 | Build | Barracks |
| 7:11 | Research | Loom |
| 7:22 | Create | Villager (Male) |
| 8:01 | Research | Feudal Age |
| 8:47 | Build | House |
| 9:07 | Create | Villager (Male) |
| 9:31 | Create | Villager (Male) |
| 9:37 | Build | House |
| 9:58 | Build | Mill |
| 10:03 | Create | Villager (Male) |
| 10:11 | Age | Feudal Age |
| 10:15 | Build | Stable |
| 10:52 | Build | House |
| 10:56 | Create | Scout Cavalry |
| 11:07 | Build | Palisade Wall |
| 11:32 | Build | House |
| 11:39 | Build | Market |
| 11:46 | Build | House |
| 11:50 | Create | Scout Cavalry |
| 12:00 | Build | Palisade Gate |
Build order — Chase_The_Dragon
52 actions detected in the replay
| 0:01 | Create | Villager (Male) |
| 0:01 | Create | Villager (Male) |
| 0:01 | Create | Villager (Male) |
| 0:02 | Build | House |
| 0:06 | Build | House |
| 0:15 | Create | Villager (Male) |
| 0:16 | Create | Villager (Male) |
| 0:18 | Build | House |
| 1:34 | Create | Villager (Male) |
| 1:56 | Create | Villager (Male) |
| 2:27 | Create | Villager (Male) |
| 2:51 | Create | Villager (Male) |
| 3:01 | Build | Lumber Camp |
| 3:08 | Create | Villager (Male) |
| 3:09 | Create | Villager (Male) |
| 4:04 | Create | Villager (Male) |
| 4:26 | Create | Villager (Male) |
| 4:26 | Create | Villager (Male) |
| 4:56 | Create | Villager (Male) |
| 5:08 | Create | Villager (Male) |
| 5:45 | Build | House |
| 6:03 | Create | Villager (Male) |
| 6:04 | Create | Villager (Male) |
| 6:04 | Research | Loom |
| 6:10 | Create | Villager (Male) |
| 6:10 | Create | Villager (Male) |
| 7:24 | Build | Mining Camp |
| 7:30 | Create | Villager (Male) |
| 7:55 | Build | Barracks |
| 8:02 | Build | House |
| 8:14 | Research | Feudal Age |
| 9:04 | Build | House |
| 9:07 | Create | Militia |
| 9:08 | Create | Militia |
| 9:08 | Create | Militia |
| 9:26 | Build | Mill |
| 9:56 | Create | Militia |
| 10:04 | Build | Lumber Camp |
| 10:13 | Create | Villager (Male) |
| 10:24 | Age | Feudal Age |
| 10:26 | Research | Man-at-Arms (upgrade) |
| 10:55 | Create | Villager (Male) |
| 10:55 | Create | Villager (Male) |
| 11:37 | Create | Villager (Male) |
| 11:44 | Build | Blacksmith |
| 12:28 | Research | Forging |
| 12:32 | Build | Gate |
| 12:35 | Create | Villager (Male) |
| 12:35 | Create | Villager (Male) |
| 12:40 | Build | Lumber Camp |
| 13:01 | Research | Scale Mail Armor |
| 13:04 | Build | House |
Build order — Wololo
51 actions detected in the replay
| 0:02 | Build | House |
| 0:04 | Build | House |
| 0:04 | Create | Villager (Male) |
| 0:04 | Create | Villager (Male) |
| 0:05 | Create | Villager (Male) |
| 0:05 | Create | Villager (Male) |
| 0:05 | Create | Villager (Male) |
| 1:34 | Create | Villager (Male) |
| 1:34 | Create | Villager (Male) |
| 2:14 | Create | Villager (Male) |
| 2:14 | Create | Villager (Male) |
| 2:30 | Create | Villager (Male) |
| 3:14 | Create | Villager (Male) |
| 3:14 | Create | Villager (Male) |
| 3:40 | Create | Villager (Male) |
| 3:40 | Create | Villager (Male) |
| 3:40 | Create | Villager (Male) |
| 3:50 | Build | House |
| 3:52 | Build | House |
| 4:02 | Build | Lumber Camp |
| 4:04 | Create | Villager (Male) |
| 4:52 | Create | Villager (Male) |
| 4:52 | Create | Villager (Male) |
| 5:31 | Create | Villager (Male) |
| 5:51 | Create | Villager (Male) |
| 6:35 | Create | Villager (Male) |
| 6:39 | Create | Villager (Male) |
| 7:02 | Create | Villager (Male) |
| 7:44 | Create | Villager (Male) |
| 7:55 | Build | Mining Camp |
| 7:59 | Create | Villager (Male) |
| 8:02 | Build | House |
| 8:29 | Create | Villager (Male) |
| 8:59 | Build | Mill |
| 9:06 | Create | Villager (Male) |
| 9:10 | Research | Feudal Age |
| 11:33 | Create | Villager (Male) |
| 11:33 | Create | Villager (Male) |
| 11:34 | Create | Villager (Male) |
| 11:36 | Research | Loom |
| 11:37 | Create | Villager (Male) |
| 11:37 | Create | Villager (Male) |
| 11:38 | Create | Villager (Male) |
| 11:38 | Create | Villager (Male) |
| 11:41 | Age | Feudal Age |
| 11:51 | Build | Market |
| 11:59 | Build | Blacksmith |
| 12:41 | Build | Barracks |
| 12:44 | Research | Castle Age |
| 12:44 | Research | Castle Age |
| 13:22 | Build | Archery Range |
Build order — frivolous spender
63 actions detected in the replay
| 0:02 | Create | Villager (Male) |
| 0:02 | Create | Villager (Male) |
| 0:03 | Build | House |
| 0:05 | Build | House |
| 0:06 | Create | Villager (Male) |
| 0:07 | Create | Villager (Male) |
| 0:34 | Build | House |
| 1:31 | Create | Villager (Male) |
| 1:31 | Create | Villager (Male) |
| 1:52 | Create | Villager (Male) |
| 1:53 | Create | Villager (Male) |
| 2:19 | Create | Villager (Male) |
| 2:19 | Create | Villager (Male) |
| 2:32 | Create | Villager (Male) |
| 2:38 | Build | Lumber Camp |
| 2:56 | Create | Villager (Male) |
| 2:56 | Create | Villager (Male) |
| 3:37 | Create | Villager (Male) |
| 3:37 | Create | Villager (Male) |
| 4:04 | Create | Villager (Male) |
| 4:04 | Create | Villager (Male) |
| 4:04 | Create | Villager (Male) |
| 5:09 | Create | Villager (Male) |
| 5:09 | Create | Villager (Male) |
| 5:54 | Build | Mill |
| 5:55 | Create | Villager (Male) |
| 6:23 | Create | Villager (Male) |
| 6:58 | Create | Villager (Male) |
| 7:01 | Research | Loom |
| 7:01 | Research | Loom |
| 7:16 | Research | Feudal Age |
| 8:00 | Build | Mining Camp |
| 8:31 | Build | Barracks |
| 8:49 | Create | Villager (Male) |
| 8:49 | Create | Villager (Male) |
| 8:56 | Build | House |
| 9:14 | Create | Villager (Male) |
| 9:26 | Build | House |
| 9:36 | Age | Feudal Age |
| 9:54 | Create | Villager (Male) |
| 10:19 | Build | Stable |
| 10:32 | Create | Villager (Male) |
| 10:41 | Create | Villager (Male) |
| 11:07 | Create | Scout Cavalry |
| 11:08 | Create | Scout Cavalry |
| 11:15 | Create | Villager (Male) |
| 11:16 | Create | Villager (Male) |
| 11:25 | Build | Stable |
| 11:27 | Create | Scout Cavalry ×3 |
| 11:48 | Research | Bloodlines |
| 11:48 | Research | Bloodlines |
| 12:03 | Create | Villager (Male) |
| 12:33 | Build | Gate |
| 12:36 | Build | House |
| 12:37 | Create | Scout Cavalry ×2 |
| 12:42 | Create | Villager (Male) |
| 12:45 | Build | House |
| 12:58 | Create | Scout Cavalry |
| 13:04 | Build | Farm |
| 13:08 | Build | Farm |
| 13:08 | Build | Farm |
| 13:12 | Build | House |
| 13:23 | Create | Scout Cavalry |
Build order — DonGet
49 actions detected in the replay
| 0:02 | Create | Villager (Male) |
| 0:02 | Create | Villager (Male) |
| 0:02 | Create | Villager (Male) |
| 0:02 | Create | Villager (Male) |
| 0:03 | Create | Villager (Male) |
| 0:04 | Build | House |
| 0:06 | Build | House |
| 1:25 | Create | Villager (Male) |
| 1:26 | Create | Villager (Male) |
| 1:45 | Build | Lumber Camp |
| 2:10 | Create | Villager (Male) |
| 2:11 | Create | Villager (Male) |
| 2:18 | Create | Villager (Male) |
| 2:19 | Create | Villager (Male) |
| 2:56 | Create | Villager (Male) |
| 3:08 | Create | Villager (Male) |
| 3:08 | Create | Villager (Male) |
| 3:33 | Build | House |
| 3:37 | Build | House |
| 3:40 | Build | House |
| 3:46 | Create | Villager (Male) |
| 3:46 | Create | Villager (Male) |
| 3:57 | Create | Villager (Male) |
| 3:57 | Create | Villager (Male) |
| 4:23 | Create | Villager (Male) |
| 4:23 | Create | Villager (Male) |
| 4:36 | Build | Mill |
| 4:49 | Build | House |
| 4:53 | Build | House |
| 5:33 | Create | Villager (Male) |
| 5:34 | Create | Villager (Male) |
| 5:34 | Create | Villager (Male) |
| 6:01 | Build | House |
| 6:04 | Build | House |
| 6:13 | Create | Villager (Male) |
| 6:42 | Build | Mill |
| 6:57 | Create | Villager (Male) |
| 6:57 | Create | Villager (Male) |
| 6:57 | Create | Villager (Male) |
| 7:15 | Create | Villager (Male) |
| 7:16 | Create | Villager (Male) |
| 7:16 | Create | Villager (Male) |
| 8:07 | Build | Mining Camp |
| 9:23 | Research | Feudal Age |
| 9:52 | Build | Lumber Camp |
| 11:09 | Create | Villager (Male) |
| 11:09 | Create | Villager (Male) |
| 11:33 | Age | Feudal Age |
| 11:59 | Research | Castle Age |
Build order — Brooks
53 actions detected in the replay
| 0:01 | Create | Villager (Male) |
| 0:01 | Create | Villager (Male) |
| 0:02 | Build | House |
| 0:03 | Build | House |
| 0:06 | Create | Villager (Male) |
| 0:06 | Create | Villager (Male) |
| 0:06 | Create | Villager (Male) |
| 1:14 | Create | Villager (Male) |
| 1:14 | Create | Villager (Male) |
| 1:44 | Build | Lumber Camp |
| 1:47 | Create | Villager (Male) |
| 2:24 | Create | Villager (Male) |
| 2:29 | Create | Villager (Male) |
| 2:43 | Create | Villager (Male) |
| 2:43 | Create | Villager (Male) |
| 3:02 | Create | Villager (Male) |
| 3:37 | Create | Villager (Male) |
| 3:54 | Build | House |
| 3:56 | Build | House |
| 4:16 | Create | Villager (Male) |
| 4:38 | Create | Villager (Male) |
| 4:39 | Create | Villager (Male) |
| 5:26 | Create | Villager (Male) |
| 5:36 | Build | Mill |
| 5:38 | Create | Villager (Male) |
| 5:38 | Create | Villager (Male) |
| 6:04 | Create | Villager (Male) |
| 6:20 | Create | Villager (Male) |
| 6:31 | Create | Villager (Male) |
| 6:36 | Research | Loom |
| 7:17 | Create | Villager (Male) |
| 7:38 | Build | Mill |
| 8:13 | Research | Feudal Age |
| 8:19 | Build | Mining Camp |
| 8:31 | Build | Lumber Camp |
| 8:48 | Research | Loom |
| 8:53 | Build | Lumber Camp |
| 10:03 | Build | House |
| 10:55 | Create | Villager (Male) |
| 10:56 | Age | Feudal Age |
| 11:00 | Build | Market |
| 11:02 | Build | Blacksmith |
| 11:45 | Create | Villager (Male) |
| 11:48 | Build | Farm |
| 12:13 | Build | Farm |
| 12:13 | Create | Villager (Male) |
| 12:31 | Build | Farm |
| 12:32 | Build | Farm |
| 12:38 | Create | Villager (Male) |
| 12:53 | Build | House |
| 12:59 | Create | Villager (Male) |
| 13:09 | Build | Farm |
| 13:33 | Research | Castle Age |
Build order — GeKKeGerdaa
53 actions detected in the replay
| 0:01 | Create | Villager (Male) |
| 0:01 | Create | Villager (Male) |
| 0:03 | Build | House |
| 0:05 | Build | House |
| 0:47 | Create | Villager (Male) |
| 0:47 | Create | Villager (Male) |
| 1:36 | Create | Villager (Male) |
| 1:36 | Create | Villager (Male) |
| 2:20 | Create | Villager (Male) |
| 2:20 | Create | Villager (Male) |
| 2:50 | Create | Villager (Male) |
| 2:50 | Create | Villager (Male) |
| 3:00 | Build | House |
| 3:01 | Build | House |
| 3:14 | Create | Villager (Male) |
| 3:14 | Create | Villager (Male) |
| 3:14 | Create | Villager (Male) |
| 3:56 | Create | Villager (Male) |
| 3:56 | Create | Villager (Male) |
| 4:35 | Create | Villager (Male) |
| 4:35 | Create | Villager (Male) |
| 4:36 | Create | Villager (Male) |
| 4:36 | Create | Villager (Male) |
| 4:54 | Create | Villager (Male) |
| 4:55 | Create | Villager (Male) |
| 5:06 | Build | Lumber Camp |
| 5:21 | Create | Villager (Male) |
| 6:22 | Create | Villager (Male) |
| 7:19 | Build | Mill |
| 7:25 | Create | Villager (Male) |
| 7:53 | Research | Feudal Age |
| 8:12 | Build | Farm |
| 8:14 | Build | Farm |
| 8:21 | Build | Farm |
| 8:32 | Create | Villager (Male) |
| 8:33 | Create | Villager (Male) |
| 9:09 | Build | Farm |
| 9:11 | Build | Farm |
| 9:24 | Build | Mill |
| 10:03 | Age | Feudal Age |
| 10:04 | Build | Mining Camp |
| 10:07 | Create | Villager (Male) |
| 10:07 | Create | Villager (Male) |
| 10:25 | Research | Double-Bit Axe |
| 11:09 | Build | Blacksmith |
| 11:16 | Build | House |
| 11:21 | Create | Villager (Male) |
| 11:44 | Create | Villager (Male) |
| 11:56 | Build | Market |
| 12:02 | Create | Villager (Male) |
| 12:09 | Build | Farm |
| 12:15 | Build | Farm |
| 12:26 | Build | House |
Build order — Goen
72 actions detected in the replay
| 0:02 | Create | Villager (Male) |
| 0:02 | Create | Villager (Male) |
| 0:02 | Create | Villager (Male) |
| 0:03 | Build | House |
| 0:05 | Build | House |
| 0:07 | Create | Villager (Male) |
| 0:08 | Create | Villager (Male) |
| 1:27 | Create | Villager (Male) |
| 1:27 | Create | Villager (Male) |
| 1:54 | Build | Lumber Camp |
| 2:06 | Create | Villager (Male) |
| 2:07 | Create | Villager (Male) |
| 2:19 | Create | Villager (Male) |
| 2:19 | Create | Villager (Male) |
| 2:19 | Create | Villager (Male) |
| 3:06 | Create | Villager (Male) |
| 3:06 | Create | Villager (Male) |
| 3:06 | Create | Villager (Male) |
| 3:06 | Create | Villager (Male) |
| 3:21 | Build | Mill |
| 3:33 | Create | Villager (Male) |
| 3:33 | Create | Villager (Male) |
| 3:33 | Create | Villager (Male) |
| 3:41 | Create | Villager (Male) |
| 4:04 | Build | House |
| 4:16 | Create | Villager (Male) |
| 4:17 | Create | Villager (Male) |
| 4:17 | Create | Villager (Male) |
| 4:37 | Create | Villager (Male) |
| 4:38 | Create | Villager (Male) |
| 5:31 | Create | Villager (Male) |
| 5:32 | Create | Villager (Male) |
| 5:32 | Create | Villager (Male) |
| 5:32 | Create | Villager (Male) |
| 5:54 | Build | House |
| 6:43 | Create | Villager (Male) |
| 7:07 | Create | Villager (Male) |
| 7:38 | Create | Villager (Male) |
| 7:44 | Create | Villager (Male) |
| 7:48 | Build | Mining Camp |
| 8:06 | Research | Loom |
| 8:16 | Research | Loom |
| 8:24 | Research | Feudal Age |
| 9:26 | Build | Barracks |
| 9:39 | Create | Villager (Male) |
| 10:19 | Create | Villager (Male) |
| 10:30 | Age | Feudal Age |
| 10:34 | Build | Stable |
| 10:34 | Create | Villager (Male) |
| 10:47 | Build | Blacksmith |
| 11:14 | Build | House |
| 11:29 | Research | Castle Age |
| 11:37 | Build | House |
| 11:42 | Build | Farm |
| 12:03 | Research | Double-Bit Axe |
| 12:03 | Research | Double-Bit Axe |
| 12:03 | Research | Double-Bit Axe |
| 12:43 | Create | Villager (Male) |
| 12:58 | Research | Horse Collar |
| 12:58 | Research | Horse Collar |
| 13:03 | Build | House |
| 13:04 | Build | House |
| 13:06 | Research | Scale Barding Armor |
| 13:06 | Research | Forging |
| 13:12 | Build | Farm |
| 13:12 | Build | Farm |
| 13:12 | Build | Farm |
| 13:13 | Build | Farm |
| 13:13 | Build | Farm |
| 13:13 | Build | Farm |
| 13:20 | Build | Farm |
| 13:21 | Build | Farm |
Match timeline
| 6:55 | Rabe3000 · first_building Barracks |
| 7:55 | Chase_The_Dragon · first_building Barracks |
| 8:31 | frivolous spender · first_building Barracks |
| 9:26 | Goen · first_building Barracks |
| 9:36 | frivolous spender · age_up feudal |
| 10:03 | GeKKeGerdaa · age_up feudal |
| 10:11 | Rabe3000 · age_up feudal |
| 10:15 | Rabe3000 · first_building Stable |
| 10:19 | frivolous spender · first_building Stable |
| 10:24 | Chase_The_Dragon · age_up feudal |
| 10:30 | Goen · age_up feudal |
| 10:34 | Goen · first_building Stable |
| 10:56 | Brooks · age_up feudal |
| 11:07 | Rabe3000 · wall_segment Palisade Wall x1 |
| 11:33 | DonGet · age_up feudal |
| 11:41 | Wololo · age_up feudal |
| 12:09 | Brooks · first_market_buy 100 food |
| 12:09 | Brooks · first_market_sell 100 wood |
| 12:41 | Wololo · first_building Barracks |
| 12:43 | Rabe3000 · resign |
| 13:22 | Wololo · first_building Archery Range |
[ AI ANALYSIS · 1 CREDIT ]
What really happened in this match?
Wolo.gg analyzes every decision: build order, eco, micro, common mistakes by bracket. Personalized analysis on WhatsApp or Discord in 30 seconds.
Civ guide
Hindustanis
Perfil
Jugador #1430833